Map: Bel'Shir Vestige LE (Void)

Players

propagare

  • Race: Terran Terran
  • League: Platinum
  • Spawn Location: 5:00

Techari - Winner!

  • Race: Terran Terran
  • League: Platinum
  • Spawn Location: 11:00

VOD

Have the link to the VOD?

Description

Time

  • Played on: March 8, 2017, 7:05 p.m.
  • Length: 7:18
Show
View Real Time Build Order
Export as new Build Order

propagare Terran 

Build Orders: Cyclone Opening 

Get SALT Encoding   

  12  0:00  SCV  
  13  0:13  SCV  
  14  0:17  Supply Depot  
  14  0:25  SCV  
  15  0:29  Refinery  
  15  0:39  SCV  
  16  0:48  Barracks  
  16  0:54  SCV  
  17  1:10  SCV  
  18  1:22  Supply Depot  
  17  1:26  SCV  
  18  1:37  Refinery  
  18  1:40  Barracks Reactor  
  18  1:42  Orbital Command  
  18  1:53  Factory  
  18  2:08  SCV  
  19  2:16  Supply Depot  
  19  2:22  SCV  
  20  2:34  SCV  
  22  2:37  Supply Depot  
  22  2:42  Starport  
  22  2:43  Cyclone  
  24  2:55  Cyclone  
  24  2:56  Marine  
  28  3:13  Bunker, SCV  
  28  3:17  Barracks Reactor  
  29  3:20  Viking  
  29  3:25  Hellion  
  35  3:27  Hellion  
  35  3:32  Supply Depot  
  35  3:39  SCV  
  36  3:48  Cyclone, Supply Depot  
  39  3:58  Marine x2  
  39  4:02  Starport Tech Lab  
  41  4:04  Cyclone  
  41  4:06  SCV  
  45  4:20  Marine  
  45  4:21  Marine  
  50  4:35  Banshee, Cloaking Field  
  50  4:47  Factory Tech Lab  
  43  5:20  Viking  
  40  5:38  Siege Tank  
  43  5:46  Marine x2  
  45  5:50  Viking  
  45  5:55  Engineering Bay  
  47  5:58  SCV  
  47  6:02  Supply Depot  
  48  6:06  Factory  
  42  6:45  Missile Turret  
  42  6:51  Missile Turret  
Show
View Real Time Build Order
Export as new Build Order

Techari Terran - Winner!

Build Orders: 1/1/1, Liberator Opening 

Get SALT Encoding   

  12  0:04  SCV  
  13  0:16  SCV  
  13  0:20  Supply Depot  
  14  0:28  SCV  
  15  0:33  Refinery  
  15  0:42  SCV  
  16  0:45  Barracks  
  16  0:54  SCV  
  16  1:36  Marine  
  16  1:37  Orbital Command  
  16  1:38  Factory  
  17  1:45  Supply Depot  
  17  1:53  Marine  
  18  1:56  Refinery  
  18  2:03  SCV  
  19  2:13  Marine  
  19  2:15  SCV  
  21  2:23  Starport, Factory Tech Lab  
  21  2:35  Marine  
  22  2:41  Supply Depot  
  22  2:45  Siege Tank  
  22  2:50  SCV  
  26  2:53  Marine  
  27  3:03  Liberator  
  27  3:04  Engineering Bay  
  27  3:06  Supply Depot  
  27  3:25  Marine  
  31  3:36  Siege Tank  
  34  3:45  Supply Depot  
  34  3:50  SCV  
  34  3:52  Marine  
  36  4:06  Viking  
  36  4:08  Supply Depot  
  38  4:14  Marine  
  39  4:19  Siege Tank  
  42  4:32  Marine, Supply Depot  
  43  4:46  Viking  
  45  5:10  Siege Tank  
  48  5:16  Viking  
  47  5:45  Siege Tank  
  47  5:46  Viking  
  47  5:47  Marine  
  53  6:05  Marine  
  40  6:35  Siege Tank, Viking  
  40  6:36  Marine  
  45  6:52  Command Center  
  43  6:54  Marine  
Tags
 
Add a new tag
Caveats
  • Supply blocks, unpowered buildings, or Contaminate may cause inaccurate times.
  • Supply counts are checked every 10 seconds.